 Dungeon Crawl Stone Soup version 0.29-a0-322-g68df515428 (webtiles) character file.

Game seed: 2681259658621284762

613 kae the Firebug (level 7, -5/40 HPs)
             Began as a Tengu Fire Elementalist on Apr 7, 2022.
             Slain by a gnoll sergeant
             ... wielding a +0 trident
              (7 damage)
             ... on level 5 of the Dungeon.
             The game lasted 00:02:38 (6162 turns).

kae the Firebug (Tengu Fire Elementalist)           Turns: 6162, Time: 00:02:39

Health: -5/40      AC:  3    Str:  8    XL:     7   Next: 44%
Magic:  5/12       EV: 15    Int: 18    God:
Gold:   250        SH:  0    Dex: 14    Spells: 6/12 levels left

rFire   . . .      SeeInvis .   c - +1 whip (flame)
rCold   . . .      Faith    .   (no shield)
rNeg    . . .      Spirit   .   a - +0 robe
rPois   .          Reflect  .   (helmet restricted)
rElec   .          Harm     .   (no cloak)
rCorr   .          Rampage  .   i - +0 pair of gloves
Will    .....                   (boots unavailable)
Stlth   ++........              (no amulet)
HPRegen 0.13/turn               e - ring of wizardry
MPRegen 0.13/turn               (no ring)

@: flying quickly and evasively, quick
A: beak, talons 3, nimble flight
a: no special abilities


You were on level 5 of the Dungeon.
You visited 1 branch of the dungeon, and saw 6 of its levels.

You collected 250 gold pieces.

Inventory:

Hand Weapons
 c - a +1 whip of flaming (weapon)
Armour
 a - a +0 robe (worn)
 i - a +0 pair of gloves (worn)
Jewellery
 e - a ring of wizardry (left hand)
 r - an amulet of faith
Scrolls
 f - a scroll of noise
 q - 2 scrolls of teleportation
Potions
 b - a potion of magic
 d - a potion of attraction
 g - a potion of haste
 h - 5 potions of curing
 j - a potion of heal wounds
 k - a potion of degeneration
 m - 2 potions of mutation
 n - a potion of resistance {unknown}
 p - 2 potions of lignification {unknown}
 s - a potion of invisibility {unknown}


   Skills:
 + Level 2.4 Fighting
 + Level 2.9 Armour
 + Level 3.7 Dodging
 - Level 2.0 Stealth
 + Level 3.2 Spellcasting
 + Level 4.0 Conjurations
 * Level 5.7 Fire Magic


You had 6 spell levels left.
You knew the following spells:

 Your Spells              Type           Power      Damage    Failure   Level
a - Foxfire               Conj/Fire      80%        2x1d8     1%          1
b - Scorch                Fire           46%        2d7       1%          2
c - Conjure Flame         Conj/Fire      20%        6-21      2%          3

Your spell library contained the following spells:

 Spells                   Type           Power      Damage    Failure   Level
 Animate Skeleton         Necr           4%         N/A       6%          1
 Apportation              Tloc           4%         N/A       6%          1
 Summon Small Mammal      Summ           8%         N/A       6%          1
 Inner Flame              Hex/Fire       13%        N/A       6%          3
 Flame Wave               Conj/Fire      20%        2d7       9%          4


Dungeon Overview and Level Annotations

Branches:
Dungeon (6/15)
 Temple: D:4-7

Altars:

Annotations:
D:5 Blork the orc
D:6 Eustachio


Innate Abilities, Weirdness & Mutations

You have a beak for a mouth.
You have claws for feet.
Your magical nature lets you fly swiftly and evasively.


Message History

An ice beast comes into view.
Casting: Foxfire (safe; 1% risk of failure)
Confirm with . or Enter, or press ? or * to list all spells.
You conjure some foxfire!
A gnoll comes into view. It is wielding a +0 flail. x2
The foxfire hits the gnoll sergeant.
The gnoll sergeant is moderately wounded.
The foxfire hits the gnoll sergeant but does no damage.
The gnoll sergeant is moderately wounded.
A gnoll comes into view. It is wielding a +0 halberd.
A shadow imp comes into view.
A scorpion comes into view.
The gnoll sergeant barely misses you.
There is a stone staircase leading up here.
The gnoll sergeant closely misses you.
You fly upwards.
Level annotation: Blork the orc
There is a stone staircase leading down here.
Casting: Foxfire (safe; 1% risk of failure)
Confirm with . or Enter, or press ? or * to list all spells.
Flames lash the gnoll sergeant.
The gnoll sergeant is moderately wounded.
The gnoll sergeant's fire resistance burns away.
The gnoll sergeant hits you with a +0 trident!
The gnoll sergeant closely misses you.
Casting: Scorch (safe; 1% risk of failure)
Confirm with . or Enter, or press ? or * to list all spells.
Flames lash the gnoll sergeant but do no damage.
The gnoll sergeant hits you with a +0 trident!
The gnoll sergeant is no longer more vulnerable to fire.
The gnoll sergeant misses you.
Casting: Scorch (safe; 1% risk of failure)
Confirm with . or Enter, or press ? or * to list all spells.
Flames lash the gnoll sergeant.
The gnoll sergeant is heavily wounded.
The gnoll sergeant's fire resistance burns away.
The gnoll sergeant hits you with a +0 trident!
* * * LOW HITPOINT WARNING * * *
The gnoll sergeant hits you with a +0 trident!
You die...

##.....)......## #.# ##
##.#.........### #.# #
#..##.......## #.# #
##.####....### ##.#
##.## ###### #### #..#
##..# ###..## #.##
####..## ###.....###.#
.....##
###.......#...##
####..#
##.@..<.......#.##
##.##
##...g...>...###..#
#..#
#.............###.##
##.## ##............#
#..# #..###
##...........# ##.##
##...####............##
#..#
#....#...#...........#
##.#
##.....####..........#
#.. #.....#
##.........# ##.


You could see a gnoll sergeant (combustible).

Vanquished Creatures
  A black bear (D:4)
  An ogre (D:6)
  A centaur (D:5)
  A bullfrog (D:4)
  A scorpion (D:5)
  A jelly (D:5)
  A hound (D:5)
  An iguana (D:5)
  2 orc wizards (D:5)
  An adder (D:5)
  2 worms (D:2)
  4 dart slugs
  5 orcs
  6 ball pythons
  4 endoplasms
  4 giant cockroaches
  6 goblins
  3 hobgoblins
  10 kobolds
  2 quokkas
  10 bats
  4 frilled lizards
  5 rats
  2 bushes
78 creatures vanquished.

Vanquished Creatures (others)
  168 foxfires
168 creatures vanquished.

Grand Total: 246 creatures vanquished

Notes
Turn   | Place    | Note
-------+----------+-------------------------------------------
     0 | D:1      | kae the Tengu Fire Elementalist began the quest for the
                  | Orb.
     0 | D:1      | Reached XP level 1. HP: 10/10 MP: 4/4
   233 | D:1      | Reached XP level 2. HP: 15/15 MP: 1/6
   838 | D:1      | Reached XP level 3. HP: 20/20 MP: 5/7
   841 | D:1      | Learned a level 2 spell: Scorch
   845 | D:1      | Learned a level 3 spell: Conjure Flame
  1070 | D:1      | Reached skill level 1 in Armour
  1978 | D:2      | You fall into a shaft and drop 2 floors!
  2028 | D:4      | Noticed a bullfrog
  2034 | D:4      | Killed a bullfrog
  2035 | D:4      | Reached skill level 1 in Fighting
  2035 | D:4      | Reached skill level 4 in Fire Magic
  2035 | D:4      | Reached XP level 4. HP: 25/25 MP: 4/8
  2619 | D:4      | Noticed a black bear
  2654 | D:3      | Gained mutation: Your magical nature lets you fly swiftly
                  | and evasively. [Tengu growth]
  2654 | D:3      | Reached XP level 5. HP: 28/29 MP: 6/9
  3997 | D:3      | Found a faded altar of an unknown god.
  4332 | D:4      | Killed a black bear
  4333 | D:4      | Reached XP level 6. HP: 35/35 MP: 3/11
  4658 | D:5      | Entered Level 5 of the Dungeon
  4666 | D:5      | Reached skill level 5 in Fire Magic
  5359 | D:5      | Noticed Blork the orc
  5465 | D:5      | Reached XP level 7. HP: 27/40 MP: 7/12
  5993 | D:6      | Noticed Eustachio
  6161 | D:5      | HP: 2/40 [gnoll sergeant/+0 trident (14)]
  6162 | D:5      | Slain by a gnoll sergeant

Illustrated notes

Levels and vault maps discovered:
D:1:      wheals_arrival_linesprint, layout_loops_ring, serial_forest,
          infiniplex_forest_clump_cross, infiniplex_forest_join,
          infiniplex_forest_zigzag_1, infiniplex_forest_diagonal,
          infiniplex_forest_clump_double, infiniplex_forest_clump_medium,
          infiniplex_forest_end_1, infiniplex_forest_zigzag_1,
          serial_bayou_pond_a, minmay_tromino_v7
D:2:      layout_basic, ebering_dispersal_statue_hall
D:3:      layout_basic, ebering_ecumenical_altar_abandoned, serial_forest,
          infiniplex_forest_pool, infiniplex_forest_zigzag_1,
          infiniplex_forest_end_2, infiniplex_forest_pool
D:4:      layout_cave_pods, item_on_display_a
D:5:      layout_cave_pods, minmay_misc_feat_encased, uniq_blork_the_orc
D:6:      layout_gridville, temple_pool_b, uniq_eustachio, uniq_sigmund

Skill      XL: |  1  2  3  4  5  6  7 |
---------------+----------------------+-----
Armour         | 1 2 |  2.9
Conjurations   | 2 3 4 |  4.0
Fighting       | 1 2 |  2.4
Fire Magic     | 4 5 |  5.7
Dodging        | 3 |  3.7
Spellcasting   | 3 |  3.2
Stealth        | |  2.0

Action                   |  1- 3 |  4- 6 |  7- 9 || total
-------------------------+-------+-------+-------++-------
Melee: Whip              |    96 |   110 |       ||   206
       Kick              |    38 |    47 |       ||    85
       Peck              |    27 |    35 |       ||    62
       Punch             |       |     2 |       ||     2
 Cast: Foxfire           |    34 |    53 |     9 ||    96
       Conjure Flame     |       |     1 |       ||     1
       Scorch            |       |     8 |     6 ||    14
  Use: Scroll            |     5 |    10 |     2 ||    17
 Stab: Sleeping          |     2 |     1 |       ||     3
Armor: Robe              |     7 |    10 |       ||    17
Dodge: Dodged            |    23 |    42 |     6 ||    71

Table legend: (Time is in decaauts)
 A = Elapsed time spent in this place.
 B = Non-inter-level travel time spent in this place.
 C = Inter-level travel time spent in this place.
 D = Time resting spent in this place.
 E = Time spent auto-exploring this place.
 F = Levels seen in this place.
 G = Mean time per level.
                   A        B        C        D        E       F      G
               +--------+--------+--------+--------+--------+-----+--------+
         Total |   5943 |   5664 |    279 |    119 |   4780 |   6 |  990.5 |
       Dungeon |   5943 |   5664 |    279 |    119 |   4780 |   6 |  990.5 |
               +--------+--------+--------+--------+--------+-----+--------+

Top non-repeatable levels by time:
     D:1: 1660 daAuts
     D:5: 1390 daAuts
     D:3: 1064 daAuts
     D:4: 1015 daAuts
     D:2: 790 daAuts
     D:6: 22 daAuts
